 Dungeon Crawl Stone Soup version 0.27-a0-899-ge2d0b17c59 (webtiles) character file.

Game seed: 14029149513196446507

48 robertstho the Stinger (level 3, -1/27 HPs)
             Began as a Draconian Venom Mage on Apr 5, 2021.
             Slain by Robin
             ... wielding a +2 spear of venom
              (7 damage)
             ... on level 3 of the Dungeon.
             The game lasted 00:02:15 (2385 turns).

robertstho the Stinger (Draconian Venom Mage)       Turns: 2385, Time: 00:02:15

Health: -1/27      AC:  5    Str: 10    XL:     3   Next: 50%
Magic:  6/6        EV: 12    Int: 16    God:
Gold:   179        SH:  0    Dex: 11    Spells: 0/6 levels left

rFire    . . .     SeeInvis .   i - +0 hand axe (venom)
rCold    . . .     Faith    .   (no shield)
rNeg     . . .     Spirit   .   (armour unavailable)
rPois    .         Reflect  .   (helmet restricted)
rElec    .         Harm     .   (no cloak)
rCorr    .         Rampage  .   (no gloves)
Will     .....                  (no boots)
Stlth    ++........             (no amulet)
HPRegen  0.09/turn              (no ring)
MPRegen  0.10/turn              (no ring)

@: lethally poisoned (-1 -> -10)
A: AC +5, unfitting armour, cold-blooded
a: no special abilities


You were on level 3 of the Dungeon.
You visited 1 branch of the dungeon, and saw 3 of its levels.

You collected 179 gold pieces.

Inventory:

Hand Weapons
 b - a +0 mace
 i - a +0 hand axe of venom (weapon)
Missiles
 a - 4 javelins
 l - 2 throwing nets
Jewellery
 m - a ring of resist corrosion
Scrolls
 d - 4 scrolls of noise
 e - a scroll of fear {unknown}
 f - a scroll of amnesia {unknown}
 g - a scroll of identify {unknown}
 j - a scroll of magic mapping {unknown}
 k - a scroll of vulnerability {unknown}
Potions
 c - 2 potions of invisibility {unknown}
 h - a potion of attraction {unknown}
 n - a potion of curing {unknown}
 o - a potion of mutation {unknown}
 p - a potion of heal wounds {unknown}


   Skills:
 + Level 0.5 Fighting
 + Level 0.1(0.3) Axes
 + Level 0.5 Maces & Flails
 + Level 2.1 Dodging
 + Level 2.2 Stealth
 + Level 2.2 Spellcasting
 + Level 1.2 Transmutations
 + Level 3.5 Poison Magic


You couldn't memorise any spells.
You knew the following spells:

 Your Spells              Type           Power      Damage    Failure   Level
a - Sting                 Tmut/Pois      36%        1d4       8%          1
b - Poisonous Vapours     Pois/Air       14%        N/A       14%         2
c - Ignite Poison         Fire/Tmut/Pois 6%         N/A       30%         3

Your spell library contained the following spells:

 Spells                   Type           Power      Damage    Failure   Level
 Mephitic Cloud           Conj/Pois/Air  5%         N/A       36%         3
 Olgreb's Toxic Radiance  Pois           13%        N/A       43%         4


Dungeon Overview and Level Annotations

Branches:
Dungeon (2/15)

Altars:
Wu Jian

Annotations:
D:3 1 runed translucent door, Crazy Yiuf, Robin


Innate Abilities, Weirdness & Mutations

Your plain brown scales are hard. (AC +5)
You cannot fit into any form of body armour.
You are cold-blooded and may be slowed by cold attacks.


Message History

A goblin comes into view. It is wielding a +0 dagger.
You hear a shout!
You hear a shout! x2
You hit the goblin.
You kill the goblin!
The goblin unwields a +0 dagger.
The goblin wields a +0 hunting sling.
The goblin shoots a stone.
The stone hits you.
A hobgoblin comes into view.
Things that are here:
a +0 dagger; a goblin corpse You barely miss the goblin.
The goblin unwields a +0 hunting sling.
The goblin wields a +0 dagger.
The goblin closely misses you.
You hit the goblin.
You kill the goblin!
Robin of the Strong Arm comes into view.
They are wielding a +2 spear of venom.
You closely miss the hobgoblin.
Robin shouts!
You hear a shout!
Robin hits you but does no damage.
You are poisoned.
The hobgoblin barely misses you.
You closely miss the hobgoblin.
You feel very sick.
Robin hits you from afar with a +2 spear of venom!
You are lethally poisoned!
The hobgoblin hits you but does no damage.
Robin roars a battlecry!
The hobgoblin goes into a battle-frenzy!
You hear a shout!
You feel very sick.
You feel very sick.
As you read the scroll labelled HIZ CO ILEISA, it crumbles to dust.
You hear a loud clanging noise!
It was a scroll of noise.
* * * LOW HITPOINT WARNING * * *
You feel very sick.
You hear a shout! x2
The hobgoblin closely misses you.
Robin says, "A pitiful Draconian like you will never find the ORB!"
Robin hits you from afar with a +2 spear of venom!
You die...

#### #.. #)# #g# ...
.... #g# .. ≈... #@#
.. ≈≈... #.#
.......♣♣..# #.#
##.....♣♣..#####.#
##.._......##....#
...........##...####
......≈≈...#.......+
..##..≈≈..###)..####
..##......##...##


You could see Robin and a hobgoblin (strong).

Vanquished Creatures
  An adder (D:2)
  2 dart slugs
  4 endoplasms
  4 goblins
  A hobgoblin (D:2)
  7 jackals
  2 quokkas
  4 ball pythons
  A frilled lizard (D:1)
  3 kobolds
  2 rats
31 creatures vanquished.

Notes
Turn   | Place    | Note
-------+----------+-------------------------------------------
     0 | D:1      | robertstho the Draconian Venom Mage began the quest for the
                  | Orb.
     0 | D:1      | Reached XP level 1. HP: 14/14 MP: 3/3
     0 | D:1      | Found an ornate altar of the Wu Jian Council.
   513 | D:1      | Reached XP level 2. HP: 15/20 MP: 3/5
   734 | D:1      | Found a faded altar of an unknown god.
  1641 | D:2      | Reached XP level 3. HP: 21/26 MP: 3/6
  1644 | D:2      | Learned a level 2 spell: Poisonous Vapours
  1648 | D:2      | Learned a level 3 spell: Ignite Poison
  1728 | D:2      | You fall into a shaft and drop 1 floor!
  2214 | D:3      | Found an ornate altar of the Wu Jian Council.
  2248 | D:3      | Found a runed translucent door.
  2249 | D:3      | Noticed Crazy Yiuf
  2380 | D:3      | Noticed Robin
  2385 | D:3      | Slain by Robin

Illustrated notes

Levels and vault maps discovered:
D:1:      sevenhm_arrival_forest_fort_small_6, layout_loops_ring,
          ebering_ecumenical_altar_ruins
D:2:      layout_basic
D:3:      layout_loops_corners, nicolae_wu_jian_wuxing_cycle,
          uniq_crazy_yiuf_cottage, uniq_robin, uniq_natasha

Skill      XL: |  1  2 |
---------------+-------+-----
Stealth        | 2 |  2.2
Dodging        | 2 |  2.1
Fighting       | |  0.5
Axes           | |  0.1
Maces & Flails | |  0.5
Spellcasting   | |  2.2
Transmutations | |  1.2
Poison Magic   | |  3.5

Action                   || total
-------------------------++-------
Melee: Mace              ||    46
       Tailslap          ||     7
       Hand axe          ||    43
 Cast: Sting             ||    16
  Use: Scroll            ||     1
 Stab: Sleeping          ||     7
Armor: Skin              ||    34
Dodge: Dodged            ||    63

Table legend: (Time is in decaauts)
 A = Elapsed time spent in this place.
 B = Non-inter-level travel time spent in this place.
 C = Inter-level travel time spent in this place.
 D = Time resting spent in this place.
 E = Time spent auto-exploring this place.
 F = Levels seen in this place.
 G = Mean time per level.
                   A        B        C        D        E       F      G
               +--------+--------+--------+--------+--------+-----+--------+
         Total |   2417 |   2402 |     15 |    162 |   1957 |   3 |  805.7 |
       Dungeon |   2417 |   2402 |     15 |    162 |   1957 |   3 |  805.7 |
               +--------+--------+--------+--------+--------+-----+--------+

Top non-repeatable levels by time:
     D:1: 1081 daAuts
     D:2: 670 daAuts
     D:3: 665 daAuts
